 Dungeon Crawl Stone Soup version 0.30-a0-760-g5a9884bb7c (webtiles) character file.

Game seed: 6854455308347879526

1598 bande the Chopper (level 8, 0/50 HPs)
             Began as a Gargoyle Fighter on Feb 11, 2023.
             Slain by a vampire mosquito (7 damage)
             ... on level 6 of the Dungeon.
             The game lasted 00:10:04 (5997 turns).

bande the Chopper (Gargoyle Fighter)                Turns: 5997, Time: 00:10:04

Health: 0/50       AC: 21    Str: 21    XL:     8   Next: 94%
Magic:  8/8        EV:  7    Int:  8    God:
Gold:   357        SH:  7    Dex: 11    Spells: 7/7 levels left

rFire   + . .      SeeInvis .    a - +1 war axe
rCold   . . .      Faith    .    m - +2 buckler
rNeg    + . .      Spirit   .    f - +0 chain mail
rPois   ∞          Reflect  .    j - +1 helmet
rElec   +          Harm     .    (no cloak)
rCorr   .          Rampage  .    (no gloves)
Will    .....                    b - +2 pair of boots Stlth
                                 (no amulet)
HPRegen 0.28/turn                g - ring of protection from fire
MPRegen 0.11/turn                (no ring)

@: no status effects
A: sickness immunity, AC +5, negative energy resistance 1, electricity
resistance, torment resistance 1, petrification resistance
a: no special abilities


You were on level 6 of the Dungeon.
You visited 1 branch of the dungeon, and saw 6 of its levels.
You also visited: Sewer.

You collected 357 gold pieces.

Inventory:

Hand Weapons
 a - a +1 war axe (weapon)
 h - a +0 flail
 r - a +0 war axe
Armour
 b - a +2 pair of boots (worn)
 f - a +0 chain mail (worn)
 j - a +1 helmet (worn)
 m - a +2 buckler (worn)
Jewellery
 g - a ring of protection from fire (left hand)
Wands
 l - a wand of mindburst (9)
 n - a wand of paralysis (4)
Scrolls
 o - a scroll of identify
 p - a scroll of blinking
 q - a scroll of enchant armour
Potions
 c - a potion of mutation
 d - 2 potions of might
 e - 2 potions of flight
 i - 2 potions of haste
 k - 3 potions of lignification {unknown}
 s - 2 potions of curing {unknown}
 t - a potion of brilliance {unknown}


   Skills:
 + Level 5.6 Fighting
 + Level 6.4 Axes
 + Level 5.8 Armour
 + Level 5.1 Shields
 * Level 4.1 Evocations


You had 7 spell levels left.
You didn't know any spells.
Your spell library contained the following spells:

 Spells                   Type           Power      Damage    Failure   Level
 Dispel Undead            Necr           0%         3d6       100%        4
 Death Channel            Necr           0%         N/A       100%        6
 Cigotuvi's Dreadful Rot  Necr/Pois/Air  Unusable   N/A       N/A         2

Dungeon Overview and Level Annotations

Branches:
Dungeon (6/15)              Sewer (visited)
 Temple: D:4-7

Altars:
Ashenzari

Shops:
D:1 [   D:3 (*

Portals:
Abyss: D:3

Annotations:
D:3 2 transporters, NinjaNoafa's ghost, weakling DgFi
D:6 1 runed translucent door, Crazy Yiuf


Innate Abilities, Weirdness & Mutations

You are immune to sickness and miasma.
Your stone body is resilient. (AC +5)
You are immune to poison.
You resist negative energy. (rN+)
You are resistant to electric shocks. (rElec)
You are resistant to unholy torment.
You are immune to petrification.


Message History

You are too injured to fight recklessly!
You are too injured to fight recklessly!
You are too injured to fight recklessly!
You are too injured to fight recklessly!
You are too injured to fight recklessly!
You are too injured to fight recklessly!
You are too injured to fight recklessly!
You are too injured to fight recklessly!
You are too injured to fight recklessly!
You are too injured to fight recklessly!
You hit the vampire mosquito.
The vampire mosquito is moderately damaged.
The vampire mosquito bites you. The vampire mosquito barely misses you.
The vampire mosquito bites you but does no damage.
You slash the vampire mosquito!
The vampire mosquito is severely damaged.
You block the vampire mosquito's attack.
The vampire mosquito bites you but does no damage.
You hit the vampire mosquito.
The vampire mosquito is almost destroyed.
The vampire mosquito bites you!
* * * LOW HITPOINT WARNING * * *
The vampire mosquito closely misses you.
The vampire mosquito bites you!
* * * LOW HITPOINT WARNING * * *
You slash the vampire mosquito!
You destroy the vampire mosquito!
You block the vampire mosquito's attack.
You barely miss the vampire mosquito.
The vampire mosquito bites you but does no damage.
The vampire mosquito barely misses you.
You closely miss the vampire mosquito.
The vampire mosquito closely misses you.
The vampire mosquito bites you but does no damage.
The vampire mosquito completely misses you.
You slash the vampire mosquito!
The vampire mosquito is heavily damaged.
The vampire mosquito bites you but does no damage.
The vampire mosquito bites you!
You die...

#.# ♣♣♣♣♣## #.#
♣♣.♣...### #.#
..♣......## #.####.###
♣♣♣♣......####......[..
♣ ♣♣..#........###.##
♣♣##.######.# #.#
####.###.# #.#
#....@yl.# ##
#####.##..#####.....#
.# #.....##.## .#... .#
#..[.....#!?∩ .. .
.###..#..##.##$. .#
..##..#......# #
#.........##...
####......# ##
.###...##.#


You could see a vampire mosquito and an iguana.

Vanquished Creatures
  A steam dragon (D:5)
  Menkaure (D:5)
  3 vampire mosquitoes (D:6)
  A phantom (D:4)
  3 bullfrogs
  A scorpion (D:5)
  3 wights
  A hound (D:5)
  2 orc priests
  3 jellies
  Terence (D:3)
  An iguana (D:5)
  An orc wizard (D:5)
  10 adders
  A shadow imp (D:5)
  A white imp (D:5)
  3 worms
  2 dart slugs
  20 orcs
  8 endoplasms
  15 giant cockroaches
  5 goblins
  9 hobgoblins
  5 jackals
  6 quokkas
  8 ball pythons
  8 bats
  10 frilled lizards
  3 kobolds
  4 rats
140 creatures vanquished.

Notes
Turn   | Place    | Note
-------+----------+-------------------------------------------
     0 | D:1      | bande the Gargoyle Fighter began the quest for the Orb.
     0 | D:1      | Reached XP level 1. HP: 14/14 MP: 1/1
     6 | D:1      | Found Saeplaf's Armour Shoppe.
   139 | D:1      | Reached XP level 2. HP: 19/19 MP: 2/2
   174 | D:1      | Reached skill level 2 in Axes
   227 | D:1      | Found a faded altar of an unknown god.
   655 | D:2      | Reached XP level 3. HP: 24/24 MP: 3/3
   954 | D:2      | Reached XP level 4. HP: 29/29 MP: 4/4
  1105 | D:3      | Reached skill level 1 in Evocations
  1280 | D:3      | Noticed Terence
  1303 | D:3      | Killed Terence
  1304 | D:3      | Reached XP level 5. HP: 22/33 MP: 5/5
  1438 | D:3      | HP: 1/33 [orc priest/divine providence (12)]
  1966 | D:3      | Reached skill level 3 in Axes
  2016 | D:3      | Found a one-way gate to the infinite horrors of the Abyss.
  2016 | D:3      | Noticed NinjaNoafa's ghost (weakling DgFi)
  2058 | D:3      | Noticed a small abomination
  2071 | D:3      | Found a transporter.
  2071 | D:3      | Found a transporter.
  2086 | D:3      | Noticed an ancient zyme
  2324 | D:3      | Found Xayhefee's Assorted Antiques.
  2337 | D:3      | Found Waarph's Antique Weapon Shop.
  2785 | D:4      | Found a broken altar of Ashenzari.
  2785 | D:4      | Noticed a phantom
  2806 | D:4      | Killed a phantom
  2807 | D:4      | Reached XP level 6. HP: 39/39 MP: 6/6
  3359 | D:4      | Found a glowing drain.
  3363 | Sewer    | Entered a sewer
  3419 | Sewer    | Reached skill level 4 in Axes
  3613 | Sewer    | Reached XP level 7. HP: 15/44 MP: 7/7
  4410 | D:5      | Entered Level 5 of the Dungeon
  4700 | D:5      | Reached skill level 5 in Axes
  4700 | D:5      | Reached skill level 5 in Armour
  4702 | D:5      | Noticed Menkaure
  4715 | D:5      | Killed Menkaure
  4716 | D:5      | Reached skill level 5 in Fighting
  4716 | D:5      | Reached XP level 8. HP: 21/49 MP: 8/8
  5041 | D:5      | Identified the +0 pair of boots of Polytheism {rF- Str+4
                  | Int+2 Dex+3}
  5944 | D:6      | Found a runed translucent door.
  5945 | D:6      | Noticed Crazy Yiuf
  5982 | D:6      | Reached skill level 6 in Axes
  5987 | D:6      | Reached skill level 5 in Shields
  5997 | D:6      | Slain by a vampire mosquito

Illustrated notes

Levels and vault maps discovered:
D:1:      dpeg_arrival_tiny_i, layout_rooms, serial_shops, nicolae_shop_crystal,
          dreamdust_ecumenical_altar_statues, patterned_corridor
D:2:      layout_basic
D:3:      layout_basic, serial_shops, nicolae_shop_trees, shop,
          gammafunk_ghost_abyssal_escape, uniq_terence
D:4:      layout_basic, ashenzari_altar_1, gup_sewer_entry_spiral
D:5:      layout_gridville, uniq_menkaure
D:6:      cheibrodos_quashed, layout_loops_ring,
          nicolae_qazlal_eye_of_the_storm, minmay_temple_entry_ruins,
          kennysheep_generic_room_12, uniq_grinder, uniq_crazy_yiuf_cottage

Skill      XL: |  1  2  3  4  5  6  7  8 |
---------------+-------------------------+-----
Axes           | 2 3 4 5 6 |  6.4
Fighting       | 4 5 |  5.6
Evocations     | 1 2 3 4 |  4.1
Armour         | 4 5 |  5.8
Shields        | 4 5 |  5.1

Action                     |  1- 3 |  4- 6 |  7- 9 || total
---------------------------+-------+-------+-------++-------
  Melee: War axe           |    77 |   290 |   155 ||   522
    Use: Scroll            |     4 |     3 |     6 ||    13
 Armour: Chain mail        |    55 |   201 |   106 ||   362
         Scale mail        |     1 |       |       ||     1
  Dodge: Dodged            |    34 |   116 |    60 ||   210
  Block: Buckler           |    28 |   106 |    64 ||   198

Table legend: (Time is in decaauts)
 A = Elapsed time spent in this place.
 B = Non-inter-level travel time spent in this place.
 C = Inter-level travel time spent in this place.
 D = Time resting spent in this place.
 E = Time spent auto-exploring this place.
 F = Levels seen in this place.
 G = Mean time per level.
                   A        B        C        D        E       F      G
               +--------+--------+--------+--------+--------+-----+--------+
         Total |   6314 |   6153 |    161 |   1229 |   3493 |   7 |  902.0 |
       Dungeon |   5568 |   5407 |    161 |   1142 |   3131 |   6 |  928.0 |
         Sewer |    745 |    745 |      0 |     87 |    362 |   1 |  745.0 |
               +--------+--------+--------+--------+--------+-----+--------+

Top non-repeatable levels by time:
     D:5: 1499 daAuts
     D:3: 1205 daAuts
     D:4: 1104 daAuts
     D:2: 1030 daAuts
   Sewer: 745 daAuts
     D:1: 608 daAuts
     D:6: 120 daAuts
